AoeStats
← Malik Bhai

Hideout

509268577Analyzed
1v1 RM · 6d ago on Sep 26, 2026· 28m 56s· 2 players
Game mode
Random Map
Map size
Tiny (2 player)
Population
200
Speed
Normal
Resources
Standard
Victory
Conquest
Starting age
Dark Age
Ending age
Imperial Age
RankedLock teamsTeams togetherTeam positionsShared explorationLock speedFull tech treeHidden civsTurbo modeCheats
Victory
Defeat
🇲🇽 Saxons · Mexico
1598
+16
🇵🇰 Khmer · Pakistan
1601
-16
VL Guardian Azul
9:21 Feudal Age
11:32 Town Watch
13:19 Arson
13:03 Man-at-Arms
14:02 Loom
14:57 Arson
21:59 Castle Age
20:57 Forging
20:48 Scale Mail Armor
22:53 Squires
25:32 Double-Bit Axe
Malik Bhai
5:54 Loom
8:17 Feudal Age
11:05 Double-Bit Axe
11:52 Horse Collar
23:29 Castle Age
22:29 Gold Mining
25:00 Fletching
Connection lost

Rejoining the realm…

Still unreachable

The connection could not be restored.

Session expired

The server has moved on; the page needs a fresh start.